AoeStats
← Joaking

Coastal Forest

503756883Analyzed
4v4 RM · 1mo ago on Sep 2, 2026· 34m 0s· 8 players
Game mode
Random Map
Map size
Large (8 player)
Population
200
Speed
Normal
Resources
Standard
Victory
Conquest
Starting age
Dark Age
Ending age
Imperial Age
RankedLock teamsTeams togetherTeam positionsShared explorationLock speedFull tech treeHidden civsTurbo modeCheats
Victory
Defeat
🇲🇽 Persians · Mexico
1157
+10
🇧🇷 Malians · Brazil
1149
+11
🇺🇸 Aztecs · United States
1142
+11
🇵🇹 Spanish · Portugal
934
+22
🇦🇷 Saracens · Argentina
1076
-15
🇦🇷 Poles · Argentina
1025
-13
🇨🇱 Britons · Chile
1022
-13
🇹🇼 Spanish · Taiwan
986
-11
Joaking
8:47 Loom
11:00 Feudal Age
20:08 Double-Bit Axe
25:19 Castle Age
I Go Random max
10:23 Feudal Age
17:12 Castle Age
15:22 Double-Bit Axe
15:36 Fletching
16:58 Loom
17:51 Bodkin Arrow
18:09 Medium Warships
18:37 Bow Saw
18:59 Fishing Lines
23:19 Horse Collar
23:32 Gold Mining
35:47 Imperial Age
34:20 Wheelbarrow
33:57 Scale Barding Armor
34:03 Forging
MaxC
7:16 Loom
12:53 Feudal Age
13:22 Double-Bit Axe
16:02 Bloodlines
16:56 Scale Barding Armor
17:01 Forging
16:49 Horse Collar
20:04 Wheelbarrow
24:56 Castle Age
22:58 Stone Mining
25:12 Gold Mining
26:26 Chain Barding Armor
26:41 Iron Casting
25:58 Fletching
26:20 Bow Saw
26:38 Husbandry
30:12 Padded Archer Armor
30:07 Bodkin Arrow
30:10 Pikeman
30:40 Light Cavalry
32:12 Leather Archer Armor
812
0:59 Loom
0:59 Loom
11:07 Feudal Age
11:53 Horse Collar
12:02 Double-Bit Axe
15:01 Wheelbarrow
19:41 Castle Age
17:53 Stone Mining
18:22 Gold Mining
19:04 Scale Barding Armor
20:57 Forging
21:00 Heavy Plow
21:14 Bow Saw
23:27 Stone Shaft Mining
23:31 Bloodlines
25:03 Chain Barding Armor
24:46 Husbandry
32:09 Fletching
El Fantasma de Pancho Villa
5:13 Loom
14:34 Feudal Age
15:19 Double-Bit Axe
15:55 Gold Mining
18:34 Castle Age
16:41 Scale Mail Armor
16:51 Forging
17:14 Arson
18:49 Eagle Warrior
19:46 Chain Mail Armor
20:07 Iron Casting
19:37 Squires
20:20 Wheelbarrow
31:33 Hand Cart
31:12 Fletching
31:22 Padded Archer Armor
31:47 Stone Mining
32:41 Bodkin Arrow
33:01 Leather Archer Armor
34:46 Stone Shaft Mining
Boywars
8:01 Loom
10:33 Feudal Age
11:10 Double-Bit Axe
21:21 Castle Age
21:18 Bloodlines
21:21 Forging
22:01 Husbandry
22:30 Scale Barding Armor
22:58 Bow Saw
28:42 Chain Barding Armor
30:19 Gold Mining
Berimbolo
8:09 Loom
10:32 Feudal Age
10:50 Man-at-Arms
11:46 Double-Bit Axe
16:19 Fletching
19:03 Wheelbarrow
22:51 Castle Age
21:15 Horse Collar
24:12 Bodkin Arrow
23:39 Crossbowman
26:46 Padded Archer Armor
27:18 Thumb Ring
27:57 Leather Archer Armor
28:34 Forging
28:26 Scale Mail Armor
32:03 Arson
33:12 Iron Casting
34:23 Chain Mail Armor
TacticalTiger
2:55 Loom
11:31 Feudal Age
16:34 Castle Age
14:22 Double-Bit Axe
14:59 Horse Collar
18:09 Wheelbarrow
17:51 Bow Saw
17:47 Heavy Plow
23:07 Stone Mining
24:23 Gold Mining
28:13 Hand Cart
30:52 Imperial Age
28:20 Fletching
29:05 Padded Archer Armor
30:03 Bodkin Arrow
30:24 Leather Archer Armor
31:45 Herbal Medicine
33:21 Conscription
33:02 Bracer
33:33 Ring Archer Armor
34:47 Two-Man Saw
Connection lost

Rejoining the realm…

Still unreachable

The connection could not be restored.

Session expired

The server has moved on; the page needs a fresh start.